| TOP OF THE 1ST |
|
West Virginia Black Bears batting - Pitching for Salem-Keizer Volcanoes : RHP Eddie Rojo
|
|
Pitching: RHP Eddie Rojo
|
|
|
Batting: RHB Ryan LeSueur
|
0-0: Ball 1-0: Called Strike 1-1: Ball 2-1: Foul Ball, location: 2F 2-2: Fly out, F3 (Popup, 3SF, EV 66.2 MPH)
|
|
Batting: LHB Norm Silveira-Wray
|
0-0: Foul Ball, location: 2F 0-1: Ball 1-1: SINGLE (Flyball, 34D, EV 91.9 MPH)
|
|
Batting: RHB Joe Bower
|
0-0: Foul Ball, location: 2F 0-1: Ball 1-1: Swinging Strike 1-2: Foul Ball, location: 2F 1-2: Ball 2-2: Foul Ball, location: 2F 2-2: Strikes out swinging
|
|
Batting: RHB Edwardo Tanchez
|
0-0: Ball 1-0: Called Strike 1-1: Ball Norm Silveira-Wray steals 2nd base 2-1: Ground out 5-3 (Groundball, 56S, EV 71.9 MPH)
|
| Top of the 1st over - 0 runs, 1 hit, 0 errors, 1 left on base; West Virginia 0 - Salem-Keizer 0 |
| BOTTOM OF THE 1ST |
|
Salem-Keizer Volcanoes batting - Pitching for West Virginia Black Bears : RHP Andres Guillen
|
|
Pitching: RHP Andres Guillen
|
|
|
Batting: RHB David Bibian
|
0-0: Ball 1-0: Fly out, F8 (Flyball, 8RM, EV 92.5 MPH)
|
|
Batting: LHB Tom Reynolds
|
0-0: Ball 1-0: Called Strike 1-1: Swinging Strike 1-2: Ground out 6-3 (Groundball, 4M, EV 86.2 MPH)
|
|
Batting: LHB Mike Sammons
|
0-0: Ball 1-0: Ball 2-0: Ball 3-0: Base on Balls
|
|
Batting: LHB Adrian Navarro
|
0-0: Called Strike 0-1: Called Strike 0-2: Hit by Pitch Mike Sammons to second
|
|
Batting: RHB Jonathan Davis
|
0-0: Ball 1-0: Swinging Strike 1-1: Ball 2-1: Called Strike 2-2: Ball 3-2: Foul Ball, location: 2F 3-2: Base on Balls Mike Sammons to third Adrian Navarro to second
|
|
Batting: RHB Adrian Martinelli
|
0-0: Ball 1-0: Foul Ball, location: 2F 1-1: Fielders Choice at 2nd, 6-4 (Groundball, 6, EV 91.9 MPH)
|
| Bottom of the 1st over - 0 runs, 0 hits, 0 errors, 3 left on base; West Virginia 0 - Salem-Keizer 0 |
| TOP OF THE 2ND |
|
West Virginia Black Bears batting - Pitching for Salem-Keizer Volcanoes : RHP Eddie Rojo
|
|
Batting: RHB Mike Weeks
|
0-0: Called Strike 0-1: Foul Ball, location: 2F 0-2: Foul Ball, location: 2F 0-2: Ball 1-2: Ball 2-2: Strikes out swinging
|
|
Batting: LHB Dave Cook
|
0-0: Swinging Strike 0-1: Called Strike 0-2: Ball 1-2: Ball 2-2: Foul Ball, location: 2F 2-2: Foul Ball, location: 2F 2-2: Foul Ball, location: 2F 2-2: Ball 3-2: DOUBLE (Groundball, 5L, EV 98.1 MPH)
|
|
Batting: RHB Matt Derrien
|
0-0: Ball 1-0: Swinging Strike 1-1: Called Strike 1-2: Ball 2-2: Strikes out swinging
|
|
Batting: RHB Hugo Montemayor
|
0-0: Ball 1-0: Foul Ball, location: 2F 1-1: Ball 2-1: Foul Ball, location: 2F 2-2: Ball 3-2: Strikes out swinging
|
| Top of the 2nd over - 0 runs, 1 hit, 0 errors, 1 left on base; West Virginia 0 - Salem-Keizer 0 |
| BOTTOM OF THE 2ND |
|
Salem-Keizer Volcanoes batting - Pitching for West Virginia Black Bears : RHP Andres Guillen
|
|
Batting: LHB Joe Hoover
|
0-0: Called Strike 0-1: Ball 1-1: Ball 2-1: SINGLE (Groundball, 4D, EV 101.2 MPH)
|
|
Batting: SHB Curtis Thompson
|
0-0: Ball 1-0: Ball 2-0: Called Strike Joe Hoover steals 2nd base 2-1: DOUBLE (Flyball, 78D, EV 90.0 MPH) Joe Hoover scores
|
|
Batting: RHB Andy Cunningham
|
0-0: Ball 1-0: DOUBLE (Groundball, 5L, EV 109.4 MPH) Curtis Thompson scores
|
|
Batting: RHB David Bibian
|
0-0: Ball 1-0: Ball 2-0: Ball 3-0: Base on Balls
|
|
Batting: LHB Tom Reynolds
|
0-0: Ball 1-0: Fly out, F8 (Flyball, 8RD, EV 92.5 MPH)
|
|
Batting: LHB Mike Sammons
|
0-0: Ball 1-0: Called Strike Andy Cunningham steals 3rd base 1-1: Ball Wild Pitch! Andy Cunningham scores David Bibian to second 2-1: Swinging Strike 2-2: Ball 3-2: SINGLE (Groundball, 4MD, EV 101.9 MPH) David Bibian to third
|
|
Batting: LHB Adrian Navarro
|
0-0: Fly out, F9 (Flyball, 9S, EV 80.0 MPH)
|
|
Batting: RHB Jonathan Davis
|
0-0: Ball 1-0: Called Strike 1-1: Fielders Choice at 2nd, 5-4 (Groundball, 56, EV 86.2 MPH)
|
| Bottom of the 2nd over - 3 runs, 4 hits, 0 errors, 2 left on base; West Virginia 0 - Salem-Keizer 3 |
| TOP OF THE 3RD |
|
West Virginia Black Bears batting - Pitching for Salem-Keizer Volcanoes : RHP Eddie Rojo
|
|
Batting: RHB Zachery Loomis
|
0-0: Called Strike 0-1: Ball 1-1: Ground out 5-3 (Groundball, 56, EV 78.1 MPH)
|
|
Batting: RHB Ryan LeSueur
|
0-0: Ball 1-0: Ground out 4-3 (Groundball, 4S, EV 67.5 MPH)
|
|
Batting: LHB Norm Silveira-Wray
|
0-0: Called Strike 0-1: Ball 1-1: Called Strike 1-2: SINGLE (Groundball, 34S, EV 60.0 MPH) (infield hit)
|
|
Batting: RHB Joe Bower
|
0-0: Called Strike Norm Silveira-Wray steals 2nd base 0-1: DOUBLE (Line Drive, 8RXD, EV 113.8 MPH) Norm Silveira-Wray scores
|
|
Batting: RHB Edwardo Tanchez
|
0-0: Ground out 6-3 (Groundball, 6M, EV 82.5 MPH)
|
| Top of the 3rd over - 1 run, 2 hits, 0 errors, 1 left on base; West Virginia 1 - Salem-Keizer 3 |
| BOTTOM OF THE 3RD |
|
Salem-Keizer Volcanoes batting - Pitching for West Virginia Black Bears : RHP Andres Guillen
|
|
Batting: RHB Adrian Martinelli
|
0-0: Called Strike 0-1: Reached on error, E3 (Groundball, 34, EV 87.5 MPH)
|
|
Batting: LHB Joe Hoover
|
0-0: Reached on error, E2 (Groundball, 2L, EV 76.9 MPH) Adrian Martinelli to third
|
|
Batting: SHB Curtis Thompson
|
0-0: Ball Joe Hoover steals 2nd base 1-0: Foul Ball, location: 2F 1-1: Ground out 4-3 (Groundball, 4, EV 108.1 MPH) Adrian Martinelli scores Joe Hoover to third
|
|
Batting: RHB Andy Cunningham
|
0-0: Called Strike 0-1: Swinging Strike 0-2: Ball 1-2: Ball 2-2: Ball 3-2: Base on Balls
|
|
Batting: RHB David Bibian
|
0-0: Ball 1-0: Called Strike 1-1: Called Strike 1-2: DOUBLE (Line Drive, 3D, EV 107.5 MPH) Joe Hoover scores Andy Cunningham to third Runner from 3rd tries for Home, SAFE, throw by RF to home
|
|
Pitching: RHP Sung-jae Choo
|
|
|
Batting: LHB Tom Reynolds
|
0-0: Ball 1-0: Fly out, F8 (Flyball, 8LS, EV 91.2 MPH)
|
|
Batting: LHB Mike Sammons
|
0-0: Called Strike 0-1: Hit by Pitch
|
|
Batting: LHB Adrian Navarro
|
0-0: DOUBLE (Flyball, 89XD, EV 108.8 MPH) David Bibian scores Mike Sammons to third Runner from 3rd tries for Home, SAFE, throw by CF to trailing runner, SAFE at third!
|
|
Batting: RHB Jonathan Davis
|
0-0: Called Strike 0-1: Ball 1-1: Called Strike 1-2: Ball 2-2: DOUBLE (Line Drive, 9LM, EV 111.2 MPH) Adrian Navarro scores
|
|
Batting: RHB Adrian Martinelli
|
0-0: Called Strike 0-1: Ground out 6-3 (Groundball, 6, EV 101.2 MPH)
|
| Bottom of the 3rd over - 6 runs, 3 hits, 2 errors, 1 left on base; West Virginia 1 - Salem-Keizer 9 |
| TOP OF THE 4TH |
|
West Virginia Black Bears batting - Pitching for Salem-Keizer Volcanoes : RHP Eddie Rojo
|
|
Batting: RHB Mike Weeks
|
0-0: Foul Ball, location: 2F 0-1: Ball 1-1: Ball 2-1: Called Strike 2-2: Foul Ball, location: 2F 2-2: Strikes out swinging
|
|
Batting: LHB Dave Cook
|
0-0: Ball 1-0: DOUBLE (Line Drive, 7LS, EV 90.6 MPH)
|
|
Batting: RHB Matt Derrien
|
0-0: Ball 1-0: Ball 2-0: Foul Ball, location: 2F 2-1: Swinging Strike 2-2: Fly out, F7 (Flyball, 7, EV 91.9 MPH)
|
|
Batting: RHB Hugo Montemayor
|
0-0: Ground out 5-3 (Groundball, 56S, EV 84.4 MPH)
|
| Top of the 4th over - 0 runs, 1 hit, 0 errors, 1 left on base; West Virginia 1 - Salem-Keizer 9 |
| BOTTOM OF THE 4TH |
|
Salem-Keizer Volcanoes batting - Pitching for West Virginia Black Bears : RHP Sung-jae Choo
|
|
Batting: LHB Joe Hoover
|
0-0: Foul Ball, location: 2F 0-1: TRIPLE (Flyball, 78XD, EV 101.9 MPH)
|
|
Batting: SHB Curtis Thompson
|
0-0: Ground out 6-3 (Groundball, 6, EV 84.4 MPH) Joe Hoover scores
|
|
Batting: RHB Andy Cunningham
|
0-0: Ball 1-0: Ball 2-0: Called Strike 2-1: Ball 3-1: Called Strike 3-2: TRIPLE (Flyball, 78XD, EV 107.5 MPH)
|
|
Batting: RHB David Bibian
|
0-0: Called Strike 0-1: Ball 1-1: 2-RUN HOME RUN (Flyball, 7D, EV 99.4 MPH), Distance : 400 ft
|
|
Pitching: RHP Randy Nelligan
|
|
|
Batting: LHB Tom Reynolds
|
0-0: Ball 1-0: Ball 2-0: Ball 3-0: Base on Balls
|
|
Pitching: RHP Oscar Mora
|
|
|
Batting: LHB Mike Sammons
|
0-0: Ball 1-0: Ball 2-0: Foul Ball, location: 2F 2-1: Foul Ball, location: 2F 2-2: Ball Wild Pitch! Tom Reynolds to second 3-2: Base on Balls
|
|
Batting: LHB Adrian Navarro
|
0-0: Called Strike 0-1: Called Strike 0-2: Ball 1-2: Strikes out swinging
|
|
Batting: RHB Jonathan Davis
|
0-0: Called Strike 0-1: Called Strike 0-2: Ball 1-2: Ball 2-2: Ball 3-2: Foul Ball, location: 2F 3-2: Base on Balls Tom Reynolds to third Mike Sammons to second
|
|
Batting: RHB Adrian Martinelli
|
0-0: Called Strike 0-1: Ball 1-1: Ball 2-1: Foul Ball, location: 2F 2-2: Ball 3-2: Ground out 6-3 (Groundball, 56, EV 96.2 MPH)
|
| Bottom of the 4th over - 3 runs, 3 hits, 0 errors, 3 left on base; West Virginia 1 - Salem-Keizer 12 |
| TOP OF THE 5TH |
|
West Virginia Black Bears batting - Pitching for Salem-Keizer Volcanoes : RHP Eddie Rojo
|
|
Batting: RHB Zachery Loomis
|
0-0: Foul Ball, location: 2F 0-1: Ball 1-1: Swinging Strike 1-2: Strikes out swinging
|
|
Batting: RHB Ryan LeSueur
|
0-0: Called Strike 0-1: Swinging Strike 0-2: Ball 1-2: Strikes out looking
|
|
Batting: LHB Norm Silveira-Wray
|
0-0: Called Strike 0-1: Swinging Strike 0-2: Ball 1-2: Strikes out looking
|
| Top of the 5th over - 0 runs, 0 hits, 0 errors, 0 left on base; West Virginia 1 - Salem-Keizer 12 |
| BOTTOM OF THE 5TH |
|
Salem-Keizer Volcanoes batting - Pitching for West Virginia Black Bears : RHP Oscar Mora
|
|
Batting: LHB Joe Hoover
|
0-0: Ball 1-0: Foul Ball, location: 2F 1-1: Foul Ball, location: 2F 1-2: Ball 2-2: Ball 3-2: Base on Balls
|
|
Batting: SHB Curtis Thompson
|
0-0: SINGLE (Groundball, 13S, EV 71.9 MPH) (infield hit) Joe Hoover to second
|
|
Batting: RHB Andy Cunningham
|
0-0: Called Strike 0-1: Ball 1-1: Ground out 6-3 (Groundball, P, EV 78.1 MPH) Joe Hoover to third Curtis Thompson to second
|
|
Batting: RHB David Bibian
|
0-0: Called Strike 0-1: Ball Wild Pitch! Joe Hoover scores Curtis Thompson to third 1-1: Ball 2-1: Ball 3-1: Foul Ball, location: 2F 3-2: SINGLE (Line Drive, 7S, EV 98.1 MPH) Curtis Thompson scores
|
|
Pitching: LHP Jesse Haught
|
|
|
Batting: LHB Tom Reynolds
|
0-0: Foul Ball, location: 2F 0-1: Swinging Strike 0-2: Strikes out swinging
|
|
Batting: LHB Mike Sammons
|
0-0: Foul Ball, location: 2F 0-1: Ground out 5-3 (Groundball, 56, EV 98.1 MPH)
|
| Bottom of the 5th over - 2 runs, 2 hits, 0 errors, 1 left on base; West Virginia 1 - Salem-Keizer 14 |
| TOP OF THE 6TH |
|
West Virginia Black Bears batting - Pitching for Salem-Keizer Volcanoes : RHP Eddie Rojo
|
|
Pitching: RHP Mike Zambrano Jr.
|
|
|
Batting: RHB Joe Bower
|
0-0: Swinging Strike 0-1: Foul Ball, location: 2F 0-2: Strikes out swinging
|
|
Batting: RHB Edwardo Tanchez
|
0-0: Called Strike 0-1: Ball 1-1: Foul Ball, location: 2F 1-2: SINGLE (Flyball, 5D, EV 88.8 MPH)
|
|
Batting: RHB Mike Weeks
|
0-0: Called Strike Edwardo Tanchez steals 2nd, throwing error, E2 Edwardo Tanchez to third 0-1: Ball 1-1: Swinging Strike 1-2: Strikes out looking
|
|
Batting: LHB Dave Cook
|
0-0: Called Strike 0-1: Ball 1-1: Foul Ball, location: 2F 1-2: Foul Ball, location: 2F 1-2: Strikes out swinging
|
| Top of the 6th over - 0 runs, 1 hit, 1 error, 1 left on base; West Virginia 1 - Salem-Keizer 14 |
| BOTTOM OF THE 6TH |
|
Salem-Keizer Volcanoes batting - Pitching for West Virginia Black Bears : LHP Jesse Haught
|
|
Batting: LHB Adrian Navarro
|
0-0: Called Strike 0-1: Swinging Strike 0-2: Ball 1-2: Ball 2-2: Strikes out swinging, 2-3 out at first.
|
|
Batting: RHB Jonathan Davis
|
0-0: Foul Ball, location: 2F 0-1: Swinging Strike 0-2: Ground out 6-3 (Groundball, 6, EV 85.0 MPH)
|
|
Batting: RHB Adrian Martinelli
|
0-0: Called Strike 0-1: Foul Ball, location: 2F 0-2: Ball 1-2: Ball 2-2: Foul Ball, location: 2F 2-2: Ball 3-2: Base on Balls
|
|
Batting: LHB Joe Hoover
|
0-0: Ball 1-0: Ball 2-0: Ball 3-0: Foul Ball, location: 2F 3-1: Ground out 6-3 (Groundball, 56, EV 101.2 MPH)
|
| Bottom of the 6th over - 0 runs, 0 hits, 0 errors, 1 left on base; West Virginia 1 - Salem-Keizer 14 |
| TOP OF THE 7TH |
|
West Virginia Black Bears batting - Pitching for Salem-Keizer Volcanoes : RHP Mike Zambrano Jr.
|
|
Batting: RHB Matt Derrien
|
0-0: Called Strike 0-1: Called Strike 0-2: Ball 1-2: Strikes out swinging
|
|
Batting: RHB Hugo Montemayor
|
0-0: Swinging Strike 0-1: Ball 1-1: Ball 2-1: Ball 3-1: Reached on error, E3 (Groundball, 34, EV 105.0 MPH)
|
|
Pinch Hitting: SHB Jiong Qi
|
0-0: Foul Ball, location: 2F 0-1: Swinging Strike 0-2: Ball 1-2: Foul Ball, location: 2F 1-2: Foul Ball, location: 2F 1-2: Ball 2-2: Strikes out swinging
|
|
Batting: RHB Ryan LeSueur
|
0-0: Ball Hugo Montemayor steals 2nd base (no throw) 1-0: Called Strike 1-1: Called Strike 1-2: Foul Ball, location: 2F 1-2: Strikes out swinging
|
| Top of the 7th over - 0 runs, 0 hits, 1 error, 1 left on base; West Virginia 1 - Salem-Keizer 14 |
| BOTTOM OF THE 7TH |
|
Salem-Keizer Volcanoes batting - Pitching for West Virginia Black Bears : LHP Jesse Haught
|
|
Now at 3B: Erik Mulligan
|
|
|
Pinch Hitting: RHB Robby Adair
|
0-0: Ball 1-0: Ball 2-0: Ball 3-0: Called Strike 3-1: Base on Balls
|
|
Pinch Hitting: RHB Eddie Zamora
|
0-0: Ball 1-0: Fly out, F8 (Flyball, 8LS, EV 90.0 MPH)
|
|
Pinch Hitting: LHB Omar Marquez
|
0-0: Grounds into double play, 4-6-3 (Groundball, 34, EV 84.4 MPH)
|
| Bottom of the 7th over - 0 runs, 0 hits, 0 errors, 0 left on base; West Virginia 1 - Salem-Keizer 14 |
| TOP OF THE 8TH |
|
West Virginia Black Bears batting - Pitching for Salem-Keizer Volcanoes : RHP Mike Zambrano Jr.
|
|
Now at 2B: Adrian Martinelli
|
|
|
Now at 3B: Dale Altman
|
|
|
Now in LF: Omar Marquez
|
|
|
Now in CF: Eddie Zamora
|
|
|
Batting: LHB Norm Silveira-Wray
|
0-0: Swinging Strike 0-1: Ball 1-1: Ball 2-1: Ball 3-1: Foul Ball, location: 2F 3-2: Foul Ball, location: 2F 3-2: Strikes out swinging
|
|
Batting: RHB Joe Bower
|
0-0: Ball 1-0: Foul Ball, location: 2F 1-1: Fly out, F9 (Flyball, 9, EV 88.8 MPH)
|
|
Batting: RHB Edwardo Tanchez
|
0-0: Swinging Strike 0-1: Swinging Strike 0-2: Ball 1-2: Strikes out swinging
|
| Top of the 8th over - 0 runs, 0 hits, 0 errors, 0 left on base; West Virginia 1 - Salem-Keizer 14 |
| BOTTOM OF THE 8TH |
|
Salem-Keizer Volcanoes batting - Pitching for West Virginia Black Bears : LHP Jesse Haught
|
|
Batting: LHB Tom Reynolds
|
0-0: Called Strike 0-1: Ball 1-1: Swinging Strike 1-2: Ball 2-2: Ball 3-2: Foul Ball, location: 2F 3-2: Foul Ball, location: 2F 3-2: Base on Balls
|
|
Pitching: RHP Jason Rhodes
|
|
|
Pinch Hitting: LHB Cy Ostrowski
|
0-0: Ball Wild Pitch! Tom Reynolds to second 1-0: Called Strike 1-1: Ball 2-1: Foul Ball, location: 2F 2-2: SINGLE (Groundball, 4S, EV 76.2 MPH) (infield hit) Tom Reynolds to third
|
|
Batting: LHB Adrian Navarro
|
0-0: Called Strike Balk! Tom Reynolds scores Cy Ostrowski to second 0-1: Swinging Strike 0-2: Foul Ball, location: 2F 0-2: Ball Wild Pitch! Cy Ostrowski to third 1-2: Ball 2-2: Ball 3-2: Base on Balls
|
|
Batting: RHB Jonathan Davis
|
0-0: Called Strike 0-1: Ball 1-1: Foul Ball, location: 2F 1-2: SINGLE (Flyball, 34D, EV 93.1 MPH) Cy Ostrowski scores Adrian Navarro to second
|
|
Pinch Hitting: RHB Tony Fernandez
|
0-0: Foul Ball, location: 2F 0-1: Swinging Strike 0-2: Ball 1-2: Foul Ball, location: 2F 1-2: Ball 2-2: Hit by Pitch Adrian Navarro to third Jonathan Davis to second
|
|
Pinch Hitting: RHB Jeremy Bailey
|
0-0: Ball 1-0: Called Strike 1-1: Called Strike 1-2: Foul Ball, location: 2F 1-2: Ball 2-2: Ball 3-2: Strikes out swinging
|
|
Pinch Hitting: RHB Jordan Williams
|
0-0: Foul Ball, location: 2F 0-1: Swinging Strike 0-2: Strikes out looking
|
|
Batting: RHB Eddie Zamora
|
0-0: Called Strike 0-1: Fly out, F9 (Flyball, 9, EV 80.0 MPH)
|
| Bottom of the 8th over - 2 runs, 2 hits, 0 errors, 3 left on base; West Virginia 1 - Salem-Keizer 16 |
| TOP OF THE 9TH |
|
West Virginia Black Bears batting - Pitching for Salem-Keizer Volcanoes : RHP Mike Zambrano Jr.
|
|
Pitching: RHP Devon Blakeney
|
|
|
Now at 1B: Cy Ostrowski
|
|
|
Now at 2B: Tony Fernandez
|
|
|
Now at 3B: Jordan Williams
|
|
|
Now in RF: Jeremy Bailey
|
|
|
Batting: RHB Mike Weeks
|
0-0: Ball 1-0: Ground out 6-3 (Groundball, 6, EV 79.4 MPH)
|
|
Batting: LHB Dave Cook
|
0-0: Swinging Strike 0-1: Ball 1-1: SINGLE (Groundball, 34D, EV 101.2 MPH)
|
|
Pinch Hitting: SHB Nathan Clement
|
0-0: Fly out, F9 (Flyball, 9LM, EV 88.1 MPH)
|
|
Batting: RHB Hugo Montemayor
|
0-0: Foul Ball, location: 2F 0-1: Foul Ball, location: 2F 0-2: Fly out, F6 (Line Drive, 6D, EV 71.9 MPH)
|
| Top of the 9th over - 0 runs, 1 hit, 0 errors, 1 left on base; West Virginia 1 - Salem-Keizer 16 |
|